Map: Ulrena

Players

ridethelight - Winner!

  • Race: Terran Terran

Solipsis

  • Race: Terran Terran
  • League: Bronze

VOD

Have the link to the VOD?

Description

Time

  • Played on: Dec. 4, 2015, 1:39 a.m.
  • Length: 6:55
Show
View Real Time Build Order
Export as new Build Order

ridethelight Terran - Winner!

Build Orders: MMM Bio 

Get SALT Encoding   

  12  0:01  SCV  
  13  0:13  SCV  
  14  0:19  Supply Depot  
  14  0:25  SCV  
  15  0:30  Refinery  
  15  0:40  SCV  
  16  0:46  Barracks  
  16  0:52  SCV  
  17  1:05  SCV  
  17  1:09  Supply Depot  
  18  1:19  SCV  
  19  1:33  Reaper  
  19  1:36  Barracks  
  20  1:43  Orbital Command  
  20  1:53  Supply Depot  
  20  2:11  Barracks  
  20  2:12  Barracks Tech Lab  
  19  2:24  SCV  
  19  2:26  Barracks Tech Lab  
  19  2:27  Barracks Reactor  
  19  2:28  Barracks  
  20  2:45  Combat Shields, Marauder  
  22  2:53  SCV  
  22  2:57  Barracks Reactor  
  23  3:05  SCV  
  23  3:06  Marine x2  
  23  3:07  Marauder  
  28  3:18  SCV  
  28  3:19  Marine  
  30  3:20  Supply Depot  
  30  3:24  Marine x2  
  32  3:29  Marauder  
  32  3:30  SCV  
  35  3:34  Engineering Bay  
  35  3:46  Marine  
  35  3:47  Marine x3  
  38  3:48  Supply Depot  
  38  3:54  Marauder  
  40  4:00  Marine  
  41  4:04  Marine x2  
  41  4:05  Stimpack  
  43  4:15  Marine x2  
  43  4:16  Marine  
  44  4:28  Marine x3  
  46  4:34  Marauder  
  46  4:38  Marine x2  
  50  4:55  Marauder  
  52  5:10  Marine x3  
  52  5:14  SCV  
  55  5:20  Marauder  
  55  5:26  SCV  
  50  5:41  Marine x3  
  50  5:42  Marauder  
  55  5:45  Supply Depot  
  55  5:48  Supply Depot  
  54  5:57  Command Center  
  54  6:03  Marine  
  55  6:07  SCV, Marauder, Marine  
  59  6:12  Refinery  
  59  6:19  SCV  
Show
View Real Time Build Order
Export as new Build Order

Solipsis Terran 

Build Orders: Command Center First (CC) 

Get SALT Encoding   

  12  0:02  SCV  
  13  0:14  SCV  
  14  0:26  SCV  
  15  0:34  Supply Depot  
  15  0:55  SCV  
  16  1:07  SCV  
  17  1:14  Command Center  
  17  1:19  SCV, Barracks  
  18  1:34  SCV  
  19  1:46  SCV  
  20  1:53  Supply Depot  
  20  1:58  SCV  
  20  2:00  Refinery  
  21  2:02  Refinery  
  21  2:10  SCV  
  21  2:25  Marine  
  21  2:28  Supply Depot  
  21  2:39  SCV  
  21  2:45  Marine  
  21  2:51  SCV  
  23  3:03  Barracks, Marine  
  25  3:05  Orbital Command  
  25  3:06  Barracks  
  24  3:17  Bunker  
  24  3:21  Factory, Marine  
  25  3:31  SCV  
  26  3:37  Orbital Command  
  27  3:50  SCV  
  27  3:52  Barracks Tech Lab  
  27  4:01  Barracks Tech Lab  
  27  4:02  SCV, Barracks Tech Lab  
  28  4:05  Factory Reactor  
  28  4:12  SCV  
  29  4:18  Supply Depot  
  29  4:22  Concussive Shells  
  29  4:25  SCV  
  29  4:27  Marine  
  29  4:28  Marine x2  
  27  4:41  Supply Depot  
  27  4:43  Supply Depot  
  26  4:46  Widow Mine x2  
  26  4:50  Marauder, Marine x2  
  28  5:27  Marine  
  23  5:29  Marauder  
  23  5:33  Marine  
  19  5:46  Marauder  
  20  5:51  Marine  
Tags
 
Composition
MMM Bio
League
Bronze
Matchup
TvT
Race
Terran
Add a new tag
Caveats
  • Supply blocks, unpowered buildings, or Contaminate may cause inaccurate times.
  • Supply counts are checked every 10 seconds.